 Dungeon Crawl Stone Soup version 0.24.0-1-gfbc8707122 (webtiles) character file.

Game seed: 13530712622830981231, levelgen mode: classic

15442 EnegeticOcto the Slicer (level 12, -3/82 HPs)
             Began as an Octopode Air Elementalist on Oct 27, 2019.
             Was an Initiate of Uskayaw.
             Slain by an eight-headed hydra (6 damage)
             ... on level 2 of the Lair of Beasts.
             The game lasted 00:26:05 (22588 turns).

EnegeticOcto the Slicer (OpAE)                     Turns: 22588, Time: 00:26:06

Health: -3/82      AC:  1    Str: 12    XL:     12   Next: 27%
Magic:  15/24      EV: 13    Int: 22    God:    Uskayaw [......]
Gold:   657        SH: 15    Dex: 12    Spells: 3/15 levels left

rFire    . . .     SeeInvis .   s - +3 short sword (elec)
rCold    + . .     Gourm    .   n - +4 shield
rNeg     . . .     Faith    .   (helmet restricted)
rPois    +         Spirit   .   L - amulet of the acrobat
rElec    .         Reflect  .   q - ring of poison resistance
rCorr    .         Harm     .   u - ring of magical power
MR       +....                  v - ring of protection from cold
Stlth    +++++.....             c - ring of wizardry
HPRegen  0.23/turn              H - +4 ring of strength
MPRegen  0.19/turn              K - ring of protection from magic
                                (no ring)
                                (no ring)

@: no status effects
A: almost no armour, stealthy swim, amphibious, 8 rings, constrict 8, camouflage
1, gelatinous body 1
a: Renounce Religion


You were on level 2 of the Lair of Beasts.
You worshipped Uskayaw.
Uskayaw was noncommittal.
You were not hungry.

You visited 3 branches of the dungeon, and saw 15 of its levels.
You also visited: Ice Cave.

You collected 657 gold pieces.

Inventory:

Hand Weapons
 s - a +3 short sword of electrocution (weapon)
 t - the +3 dagger "Doyhaimnau" {flame, rPois rN+ Dex-4}
   (You found it on level 5 of the Dungeon)

   It has been specially enchanted to burn those struck by it, causing extra
   injury to most foes and up to half again as much damage against particularly
   susceptible opponents.
   It affects your dexterity (-4).
   It protects you from poison.
   It protects you from negative energy.
 x - a +0 spear
 P - a +2 short sword of distortion
Armour
 n - a +4 shield (worn)
Jewellery
 c - a ring of wizardry (on tentacle)
 q - a ring of poison resistance (left tentacle)
 u - a ring of magical power (right tentacle)
 v - a ring of protection from cold (on tentacle)
 H - a +4 ring of strength (on tentacle)
 I - an uncursed ring of fire
 K - a ring of protection from magic (on tentacle)
 L - an amulet of the acrobat (around mantle)
Wands
 y - a wand of disintegration (3)
 G - a wand of iceblast (7)
 J - a wand of digging (6)
Scrolls
 b - 5 scrolls of enchant weapon
 d - 4 scrolls of immolation
 g - 9 scrolls of remove curse {@r2}
 h - 2 scrolls of amnesia
 j - 3 scrolls of fog {!r}
 r - 5 scrolls of teleportation {@r3 !r}
Potions
 a - 2 potions of cancellation
 f - 2 potions of ambrosia
 i - a potion of resistance
 k - 6 potions of brilliance
 l - 3 potions of curing {@q1 !q}
 m - 2 potions of magic
 p - a potion of agility {@q5 !q}
 z - 2 potions of haste {unknown}
 A - 3 potions of lignification {@q6}
 B - a potion of flight
 D - 2 potions of mutation
Comestibles
 e - 9 rations


   Skills:
 + Level 7.7 Fighting
 * Level 10.6 Short Blades
 - Level 3.0 Dodging
 - Level 8.5 Stealth
 * Level 10.3 Shields
 - Level 2.0 Spellcasting
   Level 1.0 Conjurations
 + Level 5.2 Transmutations
 - Level 3.0 Air Magic
 + Level 5.1 Earth Magic
 - Level 3.4 Invocations


You had 3 spell levels left.
You knew the following spells:

 Your Spells              Type           Power        Failure   Level  Hunger
a - Swiftness             Chrm/Air       #.......     9%          2    ##.....
b - Confusing Touch       Hex            #.....       10%         1    #......
c - Statue Form           Tmut/Erth      ####.....    85%         6    #######
T - Regeneration          Chrm/Necr      #.........   28%         3    ###....

Your spell library contained the following spells:

 Spells                   Type           Power        Failure   Level  Hunger
 Shock                    Conj/Air       ##..         4%          1    #......
 Animate Skeleton         Necr           N/A          10%         1    #......
 Pain                     Necr           #...         10%         1    #......
 Static Discharge         Conj/Air       ##......     13%         3    ###....
 Confuse                  Hex            #.......     28%         3    ###....
 Gell's Gravitas          Tloc           #.........   28%         3    ###....
 Vampiric Draining        Necr           #.........   28%         3    ###....
 Petrify                  Tmut/Erth      ####....     12%         4    #####..
 Airstrike                Air            ###.......   26%         4    #####..
 Irradiate                Conj/Tmut      ###.......   56%         5    ######.
 Animate Dead             Necr           N/A          65%         4    #####..
 Yara's Violent Unravell  Hex/Tmut       ##........   65%         5    ######.
 Lightning Bolt           Conj/Air       ##........   71%         5    ######.
 Hydra Form               Tmut           ####......   85%         6    #######
 Metabolic Englaciation   Hex/Ice        #.........   92%         5    ######.
 Dragon Form              Tmut           ####......   100%        7    #######


Dungeon Overview and Level Annotations

Branches:
Dungeon (12/15)            Temple (1/1) D:4            Lair (2/6) D:9
  IceCv (visited)
  Swamp: Lair:2-4    Shoals: Lair:2-4     Snake: Lair:2-4    Spider: Lair:2-4
    Orc: D:9-12

Altars:
Ashenzari
Cheibriados
Dithmenos
Elyvilon
Fedhas
Hepliaklqana
Kikubaaqudgha
Makhleb
Nemelex Xobeh
Okawaru
Qazlal
Ru
Sif Muna
Trog
Uskayaw
Vehumet
Wu Jian
Xom
Yredelemnul
Zin
The Shining One

Shops:
D:7 =

Annotations:
D:3 3 runed translucent doors, Crazy Yiuf; duckybubbers's ghost, amateur HuWn
D:4 2 transporters
D:5 2 transporters
D:10 exclusion: gargoyle


Innate Abilities, Weirdness & Mutations

You cannot wear most types of armour.
You are very stealthy in the water. (Stealth+)
You are amphibious.
You can wear up to eight rings at the same time.
You can use your tentacles to constrict eight enemies at once.
Your skin changes colour to match your surroundings (Stealth+).
Your rubbery body absorbs attacks. (AC +1, EV +1)


Message History

Your injuries prevent the amulet from attuning itself.
L - an amulet of the acrobat (around mantle)
Okay, then.
As you read the scroll of enchant armour, it crumbles to dust.
Your +3 shield glows green for a moment.
You can no longer merge with and destroy a victim.
You can no longer pass through a line of other dancers.
Your magical contamination has completely faded away.
Key pressed, stopping explore.
HP restored.
Your amulet attunes itself to your body.
You feel like doing cartwheels.
You butcher the yak corpse.
o - 4 chunks of flesh
Things that are here:
a yak skeleton; the kobold corpse of Sonja
Things that are here:
a yak skeleton; the kobold corpse of Sonja You butcher the yak corpse.
o - 9 chunks of flesh (gained 5)
Things that are here:
2 curare-tipped darts; a yak skeleton
Things that are here:
2 curare-tipped darts; a yak skeleton
e - 9 rations (gained 1)
Found a stone staircase leading down and a stone staircase leading up.
You now have 620 gold pieces (gained 6).
You now have 632 gold pieces (gained 12).
Some of the chunks of flesh in your inventory have rotted away.
Things that are here:
a yak skeleton; the kobold skeleton of Sonja All of the chunks of flesh in your inventory have rotted away.
You now have 657 gold pieces (gained 25).
An eight-headed hydra comes into view.
An eight-headed hydra is nearby!
An eight-headed hydra is nearby!
Evoke which item? (* to show all) (? for menu, Esc to quit)
Aiming: Iceblast
Press: ? - help, Shift-Dir - straight line, f - eight-headed hydra
Aim: an eight-headed hydra The mass of ice explodes!
The iceblast engulfs the eight-headed hydra!
The eight-headed hydra is moderately wounded.
Evoke which item? (* to show all) (? for menu, Esc to quit)
Aiming: Iceblast
Press: ? - help, Shift-Dir - straight line, f/p - eight-headed hydra
Aim: an eight-headed hydra (lightly wounded)
The mass of ice explodes!
The iceblast engulfs the eight-headed hydra!
The eight-headed hydra is heavily wounded.
You can now pass through a line of other dancers.
Evoke which item? (* to show all) (? for menu, Esc to quit)
Aiming: Iceblast
Press: ? - help, Shift-Dir - straight line, f/p - eight-headed hydra
Aim: an eight-headed hydra (heavily wounded)
The mass of ice explodes!
The iceblast engulfs the eight-headed hydra!
The eight-headed hydra is severely wounded.
The iceblast engulfs the fungus!
The fungus is moderately damaged.
Evoke which item? (* to show all) (? for menu, Esc to quit)
Aiming: Iceblast
Press: ? - help, Shift-Dir - straight line, f/p - eight-headed hydra
Aim: an eight-headed hydra (severely wounded)
The mass of ice explodes!
The iceblast engulfs the eight-headed hydra!
The eight-headed hydra is severely wounded.
Evoke which item? (* to show all) (? for menu, Esc to quit)
Aiming: Iceblast
Press: ? - help, Shift-Dir - straight line, f/p - eight-headed hydra
Aim: an eight-headed hydra (severely wounded) That beam is likely to hit you.
Continue anyway?
Okay, then.
You stomp with the beat, sending a shockwave through the revelers around you!
The eight-headed hydra is almost dead.
You feel somewhat more hungry.
You block the eight-headed hydra's attack. x4
The eight-headed hydra bites you. The eight-headed hydra bites you! x2
The eight-headed hydra bites you.
You stomp with the beat, sending a shockwave through the revelers around you!
The eight-headed hydra is almost dead.
You feel somewhat more hungry.
You can no longer pass through a line of other dancers.
The eight-headed hydra bites you!!
The eight-headed hydra closely misses you.
The eight-headed hydra bites you.
You block the eight-headed hydra's attack. x2
The eight-headed hydra bites you.
* * * LOW HITPOINT WARNING * * *
The eight-headed hydra bites you!
* * * LOW HITPOINT WARNING * * *
The eight-headed hydra barely misses you.
You stomp with the beat, sending a shockwave through the revelers around you!
The eight-headed hydra is almost dead.
You feel somewhat more hungry.
You can no longer stomp with the beat.
You block the eight-headed hydra's attack. x2
The eight-headed hydra bites you!
* * * LOW HITPOINT WARNING * * *
The eight-headed hydra bites you.
You die...

# ## ###.# #.. ##.....
#### ###.# ##.......
##..######..# #.......#
#..........## ###.....#
............###.@D#
.................#...#
...............####..P#
.................# ..##
<.................# .#
.................P# ..
..................# ..
..................# ...
...................


You could see an eight-headed hydra.

Vanquished Creatures
  A two-headed ogre (D:10)
  Sonja (Lair:2)
  An unseen horror (D:10)
  A necromancer (IceCv)
  An ugly thing (D:11)
  2 ice statues (IceCv)
  A spiny frog (Lair:1)
  2 komodo dragons (Lair:1)
  8 ice devils (IceCv)
  A troll (D:7)
  4 hippogriffs
  A shadow (D:11)
  2 wyverns
  A wraith (D:10)
  9 yaks
  2 hungry ghosts
  4 porcupines (Lair:1)
  7 water moccasins
  A black bear (D:6)
  A sky beast (D:11)
  4 orc warriors
  10 centaurs
  2 necrophages
  2 ogres
  A crocodile (Lair:1)
  8 bullfrogs
  A gnoll sergeant (D:9)
  5 scorpions
  A water moccasin skeleton (D:7)
  9 killer bees
  4 howler monkeys
  3 crimson imps
  A centaur zombie (D:10)
  5 draconian simulacra (IceCv)
  2 centaur skeletons
  3 jellies
  3 bullfrog skeletons
  2 orc priests (D:10)
  9 hounds
  8 orc wizards
  A gnoll shaman (D:6)
  Terence (D:3)
  4 iguanas
  10 worker ants
  2 centaur simulacra (IceCv)
  A hound zombie (D:6)
  A howler monkey zombie (D:5)
  15 gnolls
  8 adders
  2 naga simulacra (IceCv)
  An ogre simulacrum (IceCv)
  A shadow imp (D:8)
  An ooze (D:3)
  5 adder skeletons
  2 worms (D:2)
  2 dart slugs (D:2)
  3 leopard geckos
  47 orcs
  2 bats
  3 giant cockroaches
  10 goblins
  2 hobgoblins (D:1)
  15 jackals
  2 quokkas
  3 ball pythons
  4 frilled lizards
  A jackal skeleton (D:9)
  4 kobolds
  4 rats
291 creatures vanquished.

Vanquished Creatures (others)
  An orc wizard (D:4)
  A quokka (D:7)
2 creatures vanquished.

Grand Total: 293 creatures vanquished

Notes
Turn   | Place    | Note
-------+----------+-------------------------------------------
     0 | D:1      | EnegeticOcto the Octopode Air Elementalist began the quest
                  | for the Orb.
     0 | D:1      | Reached XP level 1. HP: 11/11 MP: 3/3
   248 | D:1      | Reached XP level 2. HP: 18/18 MP: 0/5
   765 | D:2      | Found a glowing silver altar of Zin.
   887 | D:2      | Reached skill level 1 in Fighting
  1118 | D:2      | Reached XP level 3. HP: 18/23 MP: 6/6
  1370 | D:2      | Reached skill level 1 in Short Blades
  1459 | D:2      | Found a shadowy altar of Dithmenos.
  1505 | D:2      | Noticed a centaur
  1516 | D:2      | Killed a centaur
  1516 | D:2      | Reached XP level 4. HP: 11/29 MP: 7/7
  1516 | D:2      | Reached XP level 5. HP: 13/34 MP: 8/8
  1901 | D:3      | Found an ornate altar of the Wu Jian Council.
  2281 | D:3      | Found a runed translucent door.
  2282 | D:3      | Noticed Terence
  2291 | D:3      | Killed Terence
  2313 | D:3      | Noticed duckybubbers's ghost (amateur HuWn)
  2465 | D:3      | Found a runed translucent door.
  2937 | D:3      | Found a runed translucent door.
  2938 | D:3      | Noticed Crazy Yiuf
  2965 | D:3      | Learned a level 2 spell: Swiftness
  2975 | D:4      | Found a transporter.
  2994 | D:4      | Reached skill level 1 in Shields
  3043 | D:4      | Reached XP level 6. HP: 41/41 MP: 9/9
  3215 | D:4      | Found a transporter.
  3313 | D:4      | Found a staircase to the Ecumenical Temple.
  3406 | D:4      | Reached skill level 5 in Stealth
  3727 | D:4      | Reached XP level 7. HP: 21/45 MP: 10/10
  4541 | D:4      | Found a shattered altar of Ashenzari.
  4684 | D:4      | Learned a level 1 spell: Confusing Touch
  5406 | Temple   | Entered the Ecumenical Temple
  5443 | Temple   | Became a worshipper of Uskayaw the Reveler
  5471 | D:5      | Entered Level 5 of the Dungeon
  5576 | D:5      | Found a transporter.
  5649 | D:5      | Reached * piety under Uskayaw
  5710 | D:5      | Reached ** piety under Uskayaw
  5713 | D:5      | Reached *** piety under Uskayaw
  5717 | D:5      | Reached **** piety under Uskayaw
  5731 | D:5      | Reached XP level 8. HP: 34/52 MP: 11/11
  5894 | D:5      | Found a transporter.
  5904 | D:5      | Learned a level 3 spell: Regeneration
  6017 | D:5      | Reached skill level 5 in Short Blades
  6366 | D:5      | Got a crystal dagger
  6367 | D:5      | Identified the cursed +3 dagger "Doyhaimnau" {flame, rPois
                  | rN+ Dex-4} (You found it on level 5 of the Dungeon)
  7211 | D:6      | Reached skill level 5 in Shields
  7501 | D:6      | Found a snail-covered altar of Cheibriados.
  7841 | D:6      | Found a stormy altar of Qazlal.
  7841 | D:6      | Found a shimmering altar of Xom.
  8727 | D:7      | Reached skill level 1 in Invocations
  8727 | D:7      | Reached XP level 9. HP: 59/59 MP: 12/12
  8849 | D:7      | Noticed a troll
  8882 | D:7      | Found an iron altar of Okawaru.
  9150 | D:7      | Killed a troll
  9468 | D:7      | Found a white marble altar of Elyvilon.
  9581 | D:7      | Found Terim's Jewellery Shop.
 10108 | D:8      | Found a blossoming altar of Fedhas.
 11002 | D:8      | Reached skill level 5 in Fighting
 12513 | D:9      | Reached XP level 10. HP: 48/66 MP: 13/13
 12657 | D:9      | Found a staircase to the Lair.
 12674 | D:9      | Learned a level 6 spell: Statue Form
 12868 | D:9      | Found an iron altar of Okawaru.
 12946 | D:10     | Entered Level 10 of the Dungeon
 13045 | D:10     | Reached skill level 1 in Transmutations
 13051 | D:10     | Killed an unseen horror
 13051 | D:10     | Reached skill level 1 in Earth Magic
 13886 | D:10     | Noticed a gargoyle
 14297 | D:10     | Noticed a two-headed ogre
 14308 | D:10     | Killed a two-headed ogre
 14751 | D:11     | Noticed a purple ugly thing
 14761 | D:11     | Killed a purple ugly thing
 14761 | D:11     | Reached XP level 11. HP: 74/74 MP: 14/14
 15903 | D:11     | Reached ***** piety under Uskayaw
 16370 | D:12     | Noticed a cyclops
 16478 | Lair:1   | Entered Level 1 of the Lair of Beasts
 18351 | Lair:2   | Found a frozen archway.
 18360 | IceCv    | Entered an ice cave
 18634 | IceCv    | Reached skill level 10 in Short Blades
 19594 | IceCv    | HP: 1/75 [ice beast[an ice statue] (4)]
 21071 | IceCv    | Reached skill level 10 in Shields
 21071 | IceCv    | Reached XP level 12. HP: 81/81 MP: 15/15
 21230 | IceCv    | Reached skill level 5 in Transmutations
 21230 | IceCv    | Reached skill level 5 in Earth Magic
 22277 | Lair:2   | Noticed Sonja
 22295 | Lair:2   | Killed Sonja
 22580 | Lair:2   | Noticed an eight-headed hydra
 22588 | Lair:2   | HP: 3/82 [eight-headed hydra (10)]
 22588 | Lair:2   | Slain by an eight-headed hydra

Levels and vault maps discovered:
D:1:      grunt_arrival_lava_bath, layout_basic
D:2:      layout_basic, lemuel_crystal_altar, grunt_dithmenos_smoke
D:3:      layout_rooms, nicolae_overflow_crystal_walls, ebering_ghost_sewer_f,
          uniq_crazy_yiuf_cottage, uniq_terence
D:4:      gammafunk_wand_slinger, layout_layer_cave,
          cheibrodos_ashenzari_chains, minmay_temple_entry_grid, first_ration
D:5:      gammafunk_steamed_eel, layout_basic
D:6:      layout_loops_corners, gammafunk_temple_overflow_elements, basic_altar,
          kennysheep_generic_room_2
D:7:      layout_loops_ring, elyvilon_altar_4, serial_shops, shop,
          kennysheep_okawaru_gauntlet
D:8:      layout_loops_ring, overflow_temple_1_default
D:9:      layout_long_grid, kennysheep_little_box, dpeg_oklobed_lair
D:10:     layout_loops_ring
D:11:     layout_loops_cross
D:12:     layout_basic, orc_0_dummy, gammafunk_ghost_nasty_kobolds,
          grunt_tengu_nest, pond
Temple:   nicolae_temple_god_jail
Lair:1:   layout_layer_cave
Lair:2:   layout_layer_cave, portal_ice_cave_entry_pillars_1, uniq_sonja

Skill      XL: |  1  2  3  4  5  6  7  8  9 10 11 12 |
---------------+-------------------------------------+-----
Stealth        | 3 4 5 6 7 8 |  8.5
Fighting       | 1 2 3 4 5 6 7 |  7.7
Short Blades   | 2 3 4 6 7 8 10 | 10.6
Dodging        | 3 |  3.0
Shields        | 1 2 3 5 7 8 10 | 10.3
Invocations    | 1 3 |  3.4
Transmutations | 3 4 5 |  5.2
Earth Magic    | 3 4 5 |  5.1
Spellcasting   | |  2.0
Conjurations   | |  1.0
Air Magic      | |  3.0

Action                   |  1- 3 |  4- 6 |  7- 9 | 10-12 || total
-------------------------+-------+-------+-------+-------++-------
Melee: Unarmed           |    10 |       |       |       ||    10
       Constrict         |    11 |    22 |    64 |    44 ||   141
       Tentacles         |    11 |     8 |    37 |   100 ||   156
       Short sword       |    51 |    50 |   289 |   510 ||   900
       Falchion          |       |    49 |    33 |       ||    82
       Spear             |       |       |     7 |       ||     7
Throw: Throwing net      |       |       |       |     6 ||     6
 Cast: Shock             |    14 |       |       |       ||    14
Invok: Line Pass         |       |       |     1 |     1 ||     2
       Stomp             |       |       |     1 |    21 ||    22
Evoke: Wand              |       |     2 |     9 |    15 ||    26
  Use: Scroll            |     1 |     6 |    15 |     9 ||    31
       Potion            |     2 |     1 |     4 |     5 ||    12
 Stab: Sleeping          |     6 |     3 |    25 |    30 ||    64
       Paralysed         |       |       |     3 |    14 ||    17
       Held in net/web   |       |       |       |     4 ||     4
       Distracted        |       |       |       |     2 ||     2
       Invisible         |       |       |       |     5 ||     5
  Eat: Chunk             |     2 |     6 |    15 |    13 ||    36
       Ration            |       |       |     4 |     8 ||    12
Armor: Skin              |     3 |     6 |    24 |     5 ||    38
Dodge: Dodged            |    32 |    61 |    96 |   113 ||   302
Block: Shield            |       |    31 |   123 |   186 ||   340
       Rpst.: Falchion   |       |     6 |     6 |       ||    12
